 Dungeon Crawl Stone Soup version 0.27-a0-79-gcaaa221d37 (webtiles) character file.

Game seed: 8239549065331814531

965 kae the Insei (level 8, 48/48 HPs)
             Began as an Octopode Transmuter on Jan 14, 2021.
             Was an Initiate of Ru.
             Quit the game on level 3 of the Dungeon.
             The game lasted 00:04:18 (6075 turns).

kae the Insei (Octopode Transmuter)                 Turns: 6075, Time: 00:04:19

Health: 48/48      AC:  1    Str: 11    XL:     8   Next: 15%
Magic:  14/14      EV: 17    Int: 15    God:    Ru [......]
Gold:   293        SH:  5    Dex: 13    Spells: 7/15 levels left

rFire    . . .     SeeInvis .     - Unarmed
rCold    . . .     Faith    .   (no shield)
rNeg     . . .     Spirit   .   (helmet restricted)
rPois    .         Reflect  +   i - amulet of reflection
rElec    .         Harm     .   c - +4 ring of evasion
rCorr    .         Rampage  .   (no ring)
Will     .....                  (no ring)
Stlth    ++........             (no ring)
HPRegen  0.16/turn              (no ring)
MPRegen  0.14/turn              (no ring)
                                (no ring)
                                (no ring)

@: no status effects
A: almost no armour, stealthy swim, amphibious, 8 rings, constrict 8, camouflage
1, gelatinous body 1, no earth magic, no summoning magic, no transmutations
magic
a: Renounce Religion


You were on level 3 of the Dungeon.
You worshipped Ru.
Ru was noncommittal.
You visited 1 branch of the dungeon, and saw 5 of its levels.

You collected 293 gold pieces.

Inventory:

Jewellery
 c - a +4 ring of evasion (left tentacle)
 i - an amulet of reflection (around mantle)
Wands
 r - a wand of flame (45)
Scrolls
 f - a scroll of enchant armour
 o - 2 scrolls of remove curse
 t - a scroll of teleportation
Potions
 a - 3 potions of mutation
 b - 3 potions of haste
 d - 4 potions of curing
 e - 4 potions of attraction
 g - a potion of ambrosia {unknown}
 h - 3 potions of lignification {unknown}
 j - a potion of resistance {unknown}
 k - 3 potions of brilliance {unknown}
 l - a potion of heal wounds {unknown}
 p - a potion of might {unknown}


   Skills:
 - Level 1.4 Fighting
 - Level 2.1 Dodging
 * Level 6.4 Unarmed Combat
 + Level 4.0 Spellcasting
   Level 0.0 Transmutations
 * Level 2.7 Ice Magic
 - Level 3.0 Poison Magic


You had 7 spell levels left.
You knew the following spells:

 Your Spells              Type           Power        Failure   Level
a - Beastly Appendage     Tmut           6%           19%         1
b - Spider Form           Tmut/Pois      3%           28%         3
c - Ice Form              Ice/Tmut       7%           71%         4

Your spell library contained the following spells:

 Spells                   Type           Power        Failure   Level
 Wereblood                Tmut           Unusable     N/A         2
 Blade Hands              Tmut           Unusable     N/A         5

Dungeon Overview and Level Annotations

Branches:
Dungeon (5/15)
 Temple: D:4-7

Altars:
Ashenzari
Ru
Trog
Vehumet
Xom

Annotations:
D:2 2 transporters


Innate Abilities, Weirdness & Mutations

You cannot wear most types of armour.
You are very stealthy in the water. (Stealth+)
You are amphibious.
You can wear up to eight rings at the same time.
You can use your tentacles to constrict eight enemies at once.
Your skin changes colour to match your surroundings (Stealth+).
Your rubbery body absorbs attacks. (AC +1, EV +1)
You cannot study or cast Earth magic.
You cannot study or cast Summoning magic.
You cannot study or cast Transmutations magic.


Message History

You are caught in the web!
There is a web here.
You disentangle yourself.
There is a sacrificial altar of Ru here.
You curl up in front of the altar of Ru.
Ru welcomes you back!
Okay, then.
Unknown command.
Press < or > to pray at altars.
Casting: Spider Form (quite dangerous; 28% risk of failure)
Confirm with . or Enter, or press ? or * to list all spells.
You cannot use spells of this school.
Casting: Spider Form (quite dangerous; 28% risk of failure)
Confirm with . or Enter, or press ? or * to list all spells.
You cannot use spells of this school.
Casting: Spider Form (quite dangerous; 28% risk of failure)
Confirm with . or Enter, or press ? or * to list all spells.
You cannot use spells of this school.
Done exploring.
Are you sure you want to abandon this character and quit the game? (Confirm with "yes".)

#.####..#######..#
#.# ##.# #..# #.#
#.# #..# #.# #.#
#..# #.# #.# #..#
#.# #.# ####### #.#
#.######PPP.P####
#.#
#......#P..P^##.####
#.#
#..#####^.@PP.#.P..#
#.# #..#
#.P..P#.P.#.# #.#
#..# #^PPP.#####.#
..# #..# ########
#.# ### #†.#
#.#....# #.# #..#
#.####.# #.# #..#
#.####.### #.#
###..# #.##.....#
#.# #....#
#.##.###.###.#


There were no monsters in sight!

Vanquished Creatures
  Edmund (D:4)
  An ogre (D:4)
  A bullfrog (D:5)
  A scorpion (D:4)
  A water moccasin skeleton (D:4)
  A howler monkey (D:3)
  3 crimson imps (D:3)
  A centaur zombie (D:5)
  A bullfrog zombie (D:5)
  A hound (D:4)
  2 orc wizards (D:4)
  An orc priest (D:4)
  A bullfrog skeleton (D:5)
  Ijyb (D:3)
  A hound skeleton (D:5)
  A howler monkey zombie (D:5)
  7 adders
  An ooze (D:2)
  6 worms
  3 dart slugs
  5 leopard geckos
  8 orcs (D:4)
  5 giant cockroaches
  11 goblins
  12 hobgoblins
  2 jackals (D:2)
  4 kobolds
  3 quokkas
  3 ball pythons
  8 bats
  4 frilled lizards
  A jackal skeleton (D:4)
  A jackal zombie (D:5)
  A leopard gecko zombie (D:5)
  A quokka skeleton (D:4)
  11 rats
116 creatures vanquished.

Vanquished Creatures (others)
  5 plants (D:5)
  A withered plant (D:5)
6 creatures vanquished.

Grand Total: 122 creatures vanquished

Notes
Turn   | Place    | Note
-------+----------+-------------------------------------------
     0 | D:1      | kae the Octopode Transmuter began the quest for the Orb.
     0 | D:1      | Reached XP level 1. HP: 13/13 MP: 3/3
    93 | D:1      | Reached XP level 2. HP: 7/18 MP: 5/5
   922 | D:1      | Reached XP level 3. HP: 23/23 MP: 4/6
   926 | D:1      | Learned a level 3 spell: Spider Form
  1703 | D:2      | Reached skill level 1 in Poison Magic
  1965 | D:2      | Reached XP level 4. HP: 28/28 MP: 5/7
  2258 | D:2      | Found a transporter.
  2262 | D:2      | Found a transporter.
  2284 | D:2      | Found a bloodstained altar of Trog.
  2689 | D:2      | Reached skill level 4 in Unarmed Combat
  2941 | D:3      | Reached XP level 5. HP: 30/33 MP: 6/8
  3302 | D:3      | Found a shimmering altar of Xom.
  3331 | D:3      | Reached XP level 6. HP: 22/38 MP: 4/10
  3584 | D:3      | Found a sacrificial altar of Ru.
  3714 | D:3      | Became a worshipper of Ru the Awakened
  4046 | D:4      | Noticed Ijyb
  4057 | D:3      | Killed Ijyb
  4191 | D:4      | Reached skill level 5 in Unarmed Combat
  4267 | D:4      | Reached XP level 7. HP: 34/43 MP: 12/12
  4460 | D:4      | Learned a level 4 spell: Ice Form
  4772 | D:4      | Reached skill level 1 in Ice Magic
  4866 | D:4      | Noticed Edmund
  4888 | D:4      | Killed Edmund
  4889 | D:4      | Reached skill level 6 in Unarmed Combat
  5131 | D:4      | Found a broken altar of Ashenzari.
  5376 | D:5      | Entered Level 5 of the Dungeon
  5389 | D:5      | Reached XP level 8. HP: 45/48 MP: 10/13
  5610 | D:5      | Found a radiant altar of Vehumet.
  5664 | D:5      | Gained mutation: You cannot study or cast Earth magic. [Ru
                  | sacrifice]
  5664 | D:5      | Gained mutation: You cannot study or cast Transmutations
                  | magic. [Ru sacrifice]
  5664 | D:5      | Gained mutation: You cannot study or cast Summoning magic.
                  | [Ru sacrifice]
  5664 | D:5      | Reached * piety under Ru
  5665 | D:5      | Fell from the grace of Ru
  6074 | D:3      | Became a worshipper of Ru the Awakened
  6075 | D:3      | Quit the game

Illustrated notes

Levels and vault maps discovered:
D:1:      tarquinn_simple_flora_water_e, layout_basic
D:2:      cheibrodos_greedy_goblins, layout_loops_ring,
          gammafunk_temple_overflow_arena, minmay_between
D:3:      layout_loops_ring, nicolae_ru_the_path_less_chosen, led_xom_imps
D:4:      cheibrodos_quashed, layout_rooms, lemuel_doored_altar,
          kennysheep_cluttered_room, uniq_ijyb, uniq_edmund
D:5:      kennysheep_spiral_hall, layout_gridville, vehumet_altar_wand_db,
          serial_shops, shop_fountains, serial_undead, serial_undead_d,
          serial_undead_b, serial_undead_b, serial_undead_c,
          minmay_misc_feat_encased, serial_bayou_pond_a, serial_bayou_lagoon_b

Skill      XL: |  1  2  3  4  5  6  7  8 |
---------------+-------------------------+-----
Poison Magic   | 1 2 3 |  3.0
Unarmed Combat | 4 5 6 |  6.4
Spellcasting   | 3 4 |  4.0
Transmutations | 3 4 0 |  0.0
Ice Magic      | 2 |  2.7
Fighting       | |  1.4
Dodging        | |  2.1

Action                   |  1- 3 |  4- 6 |  7- 9 || total
-------------------------+-------+-------+-------++-------
Melee: Unarmed           |    71 |   131 |   112 ||   314
       Kick              |    12 |    22 |     2 ||    36
       Constrict         |    20 |    25 |     9 ||    54
       Tentacles         |    11 |     6 |     6 ||    23
       Punch             |       |     3 |     2 ||     5
 Cast: Beastly Appendage |    27 |    33 |     2 ||    62
       Spider Form       |       |     4 |    12 ||    16
Invok: Sacrifice Arcana  |       |       |     1 ||     1
       Renounce Religion |       |       |     1 ||     1
  Use: Scroll            |       |     6 |     5 ||    11
       Potion            |       |     1 |       ||     1
 Stab: Sleeping          |     8 |     5 |     1 ||    14
Armor: Skin              |     9 |     1 |       ||    10
Dodge: Dodged            |    52 |    84 |    69 ||   205
Block: Other             |       |     8 |    21 ||    29

Table legend: (Time is in decaauts)
 A = Elapsed time spent in this place.
 B = Non-inter-level travel time spent in this place.
 C = Inter-level travel time spent in this place.
 D = Time resting spent in this place.
 E = Time spent auto-exploring this place.
 F = Levels seen in this place.
 G = Mean time per level.
                   A        B        C        D        E       F      G
               +--------+--------+--------+--------+--------+-----+--------+
         Total |   6049 |   5732 |    317 |    549 |   4339 |   5 | 1209.8 |
       Dungeon |   6049 |   5732 |    317 |    549 |   4339 |   5 | 1209.8 |
               +--------+--------+--------+--------+--------+-----+--------+

Top non-repeatable levels by time:
     D:1: 1527 daAuts
     D:2: 1433 daAuts
     D:3: 1276 daAuts
     D:4: 1194 daAuts
     D:5: 618 daAuts
